 Dungeon Crawl Stone Soup version 0.30-a0-772-g5528072125 (webtiles) character file.

Game seed: 10169462697234577934

679 pokeman the Thaumaturge (level 7, 0/40 HPs)
             Began as a Deep Elf Hedge Wizard on Feb 12, 2023.
             Slain by an ogre
             ... wielding a +0 giant club
              (16 damage)
             ... on level 5 of the Dungeon.
             The game lasted 00:12:56 (5996 turns).

pokeman the Thaumaturge (Deep Elf Hedge Wizard)     Turns: 5996, Time: 00:12:56

Health: 0/40       AC:  7    Str:  7    XL:     7   Next: 34%
Magic:  8/20       EV: 12    Int: 21    God:
Gold:   306        SH:  0    Dex: 20    Spells: 14/22 levels left

rFire   . . .      SeeInvis .    q - +1 dagger (venom)
rCold   . . .      Faith    .    (no shield)
rNeg    . . .      Spirit   .    C - +3 leather armour
rPois   .          Reflect  .    z - +0 helmet
rElec   .          Harm     .    (no cloak)
rCorr   .          Rampage  .    (no gloves)
Will    .....                    (no boots)
Stlth   ++                       (no amulet)
HPRegen 0.26/turn                t - +6 ring of dexterity
MPRegen 0.17/turn                (no ring)

@: no status effects
A: no striking features
a: no special abilities


You were on level 5 of the Dungeon.
You visited 1 branch of the dungeon, and saw 6 of its levels.

You collected 306 gold pieces.

Inventory:

Hand Weapons
 q - a +1 dagger of venom (weapon)
Armour
 z - a +0 helmet (worn)
 C - a +3 leather armour (worn)
Jewellery
 t - a +6 ring of dexterity (left hand)
Wands
 v - a wand of flame (16)
 D - a wand of polymorph (7)
Scrolls
 c - a scroll of noise {unknown}
 g - 2 scrolls of fear {unknown}
 h - a scroll of blinking {unknown}
 k - 5 scrolls of teleportation {unknown}
 l - 4 scrolls of fog {unknown}
 n - 8 scrolls of identify {unknown}
 r - 2 scrolls of enchant armour {unknown}
 u - 2 scrolls of enchant weapon {unknown}
 y - a scroll of summoning {unknown}
 A - a scroll of vulnerability {unknown}
 B - a scroll of silence {unknown}
Potions
 a - a potion of mutation {unknown}
 b - a potion of brilliance {unknown}
 d - 2 potions of magic
 e - a potion of ambrosia {unknown}
 f - a potion of resistance {unknown}
 i - 2 potions of might {unknown}
 j - a potion of heal wounds {unknown}
 m - 6 potions of curing {unknown}
 o - a potion of attraction {unknown}
 p - a potion of cancellation {unknown}
 s - 2 potions of haste {unknown}
 w - 2 potions of flight {unknown}
 x - a potion of lignification {unknown}


   Skills:
 - Level 2.1 Fighting
 + Level 1.0 Armour
 - Level 3.0 Dodging
 - Level 3.0 Stealth
 * Level 8.0 Spellcasting
 + Level 3.8 Conjurations
 + Level 2.7 Summonings
 - Level 1.1 Translocations
 - Level 1.0 Air Magic
 - Level 1.0 Poison Magic
 - Level 1.0 Evocations


You had 14 spell levels left.
You knew the following spells:

 Your Spells              Type           Power      Damage    Failure   Level
a - Magic Dart            Conj           96%        1d7       2%          1
b - Mephitic Cloud        Conj/Pois/Air  16%        N/A       16%         3
c - Call Imp              Summ           19%        N/A       6%          2
d - Blink                 Tloc           26%        N/A       11%         2

Your spell library contained the following spells:

 Spells                   Type           Power      Damage    Failure   Level
 Slow                     Hex            32%        N/A       12%         1
 Cigotuvi's Dreadful Rot  Necr/Pois/Air  22%        N/A       13%         2
 Ozocubu's Armour         Ice            8%         N/A       34%         3
 Metabolic Englaciation   Hex/Ice        4%         N/A       97%         5
 Simulacrum               Ice/Necr       4%         N/A       100%        6


Dungeon Overview and Level Annotations

Branches:
Dungeon (6/15)
 Temple: D:4-7

Altars:
Qazlal

Shops:
D:3 *

Annotations:
D:5 3 runed translucent doors, cforsyth's ghost, amateur TeAE


Message History

Level annotation: 3 runed translucent doors, cforsyth's ghost, amateur TeAE
There is a stone staircase leading down here.
Casting: Call Imp (safe; 6% risk of failure)
Confirm with . or Enter, or press ? or * to list all spells.
You blink.
Casting: Blink (safe; 11% risk of failure)
Confirm with . or Enter, or press ? or * to list all spells.
Aiming: Mephitic Cloud (dangerous; 16% risk of failure)
Press: ? - help, Shift-Dir - straight line The ball explodes into a vile cloud!
The stinking cloud engulfs the ogre but does no damage.
The ogre is engulfed in noxious fumes.
The ogre appears confused.
Casting: Mephitic Cloud (dangerous; 16% risk of failure)
Confirm with . or Enter, or press ? or * to list all spells.
A beastly little devil appears in a puff of frigid air.
You feel stable enough to blink again.
Your white imp barely misses the ogre.
Your white imp hits the ogre.
Your white imp freezes the ogre.
Casting: Call Imp (safe; 6% risk of failure)
Confirm with . or Enter, or press ? or * to list all spells.
Aiming: Magic Dart (safe; 2% risk of failure)
Press: ? - help, Shift-Dir - straight line, f - ogre
Aim: an ogre, wielding a +0 giant club (moderately wounded, confused, ally target, 100% to hit)
The magic dart hits the ogre.
The ogre is heavily wounded.
The ogre hits your white imp with a +0 giant club!!
Your white imp is killed!
Your white imp disappears in a puff of smoke!
Casting: Magic Dart (safe; 2% risk of failure)
Confirm with . or Enter, or press ? or * to list all spells.
Aiming: Magic Dart (safe; 2% risk of failure)
Press: ? - help, Shift-Dir - straight line, f/p - ogre
Aim: an ogre, wielding a +0 giant club (heavily wounded, confused, 100% to hit)
The magic dart hits the ogre.
The ogre is heavily wounded.
The ogre seems less confused.
You hit the ogre.
The ogre is heavily wounded.
The ogre hits you with a +0 giant club!
You die...

#.......#.....).# #.###
####.##......##.# #.#
#.##.##.####>####.#
###########.##.##.#.........#
.......................######
<......####.##.#..######
...###.####.##.#.§...#
.#...>..^##......§...# ########
<...##.#.##.####@O...# #.......
.#.#.#.#.##.####.##.## #.#####.
...............(.##.## #.#...#.
.......#.##.######...# #.#.#...
####.###.##.# #...# #.#...#.
####.###.##.# #...# #.##.##.
........[...## #...# #.......
...#.##......#####...#####.####.#
...#.##.#..................####.#


You could see an ogre.

Vanquished Creatures
  A black bear (D:4)
  An ogre (D:5)
  A scorpion (D:4)
  2 hounds (D:5)
  Jessica (D:2)
  3 iguanas
  Natasha (thrice) (D:2)
  8 adders
  A white imp (D:5)
  An ufetubus (D:5)
  5 worms
  5 dart slugs
  10 orcs
  5 bats
  12 endoplasms
  A giant cockroach (D:1)
  8 goblins
  5 hobgoblins
  3 jackals (D:2)
  6 kobolds
  5 quokkas
  7 ball pythons
  4 frilled lizards
  5 rats
103 creatures vanquished.

Vanquished Creatures (collateral kills)
  A worm (D:2)
  An orc (D:3)
2 creatures vanquished.

Grand Total: 105 creatures vanquished

Notes
Turn   | Place    | Note
-------+----------+-------------------------------------------
     0 | D:1      | pokeman the Deep Elf Hedge Wizard began the quest for the
                  | Orb.
     0 | D:1      | Reached XP level 1. HP: 10/10 MP: 7/7
   262 | D:1      | Reached XP level 2. HP: 16/16 MP: 3/9
   716 | D:1      | Reached skill level 5 in Spellcasting
  1129 | D:1      | Reached XP level 3. HP: 20/20 MP: 9/11
  1133 | D:1      | Learned a level 3 spell: Mephitic Cloud
  1136 | D:1      | Learned a level 2 spell: Call Imp
  1139 | D:1      | Learned a level 2 spell: Blink
  1518 | D:2      | Reached skill level 1 in Armour
  1634 | D:2      | Reached skill level 1 in Fighting
  1809 | D:2      | Found a faded altar of an unknown god.
  2059 | D:2      | Noticed Jessica
  2063 | D:2      | Killed Jessica
  2064 | D:2      | Reached XP level 4. HP: 25/25 MP: 5/13
  2274 | D:2      | Noticed Natasha
  2288 | D:2      | Killed Natasha
  2292 | D:2      | Reached skill level 6 in Spellcasting
  2292 | D:2      | Reached XP level 5. HP: 21/29 MP: 6/15
  2492 | D:2      | Noticed Natasha
  2506 | D:2      | Killed Natasha
  2663 | D:2      | Noticed Natasha
  2671 | D:2      | Killed Natasha
  2672 | D:2      | Reached skill level 1 in Poison Magic
  3207 | D:3      | Reached skill level 1 in Air Magic
  3301 | D:3      | Found Ofihos's General Store.
  4011 | D:4      | Reached skill level 1 in Evocations
  4011 | D:4      | Reached XP level 6. HP: 12/34 MP: 9/17
  4494 | D:4      | Reached skill level 7 in Spellcasting
  4700 | D:4      | Found a stormy altar of Qazlal.
  5047 | D:5      | Entered Level 5 of the Dungeon
  5116 | D:5      | Reached XP level 7. HP: 34/39 MP: 12/20
  5269 | D:5      | Found a runed translucent gate.
  5271 | D:5      | Found a runed translucent gate.
  5271 | D:5      | Noticed cforsyth's ghost (amateur TeAE)
  5273 | D:5      | Found a runed translucent gate.
  5528 | D:5      | Reached skill level 8 in Spellcasting
  5996 | D:5      | Slain by an ogre

Illustrated notes

Levels and vault maps discovered:
D:1:      dpeg_arrival_short_road, layout_basic
D:2:      layout_basic, ebering_ecumenical_altar_rust, uniq_jessica,
          uniq_natasha
D:3:      layout_loops_corners, serial_shops, nicolae_diamond_shop
D:4:      layout_loops_ring, amcnicky_altar_gilded
D:5:      layout_loops_cross, gammafunk_ghost_nasty_kobolds, minmay_hedge_maze
D:6:      layout_loops_ring, nicolae_shop_clearance

Skill      XL: |  1  2  3  4  5  6  7 |
---------------+----------------------+-----
Spellcasting   | 5 6 7 8 |  8.0
Armour         | 1 |  1.0
Fighting       | 1 2 |  2.1
Conjurations   | 2 3 |  3.8
Dodging        | 3 |  3.0
Stealth        | 3 |  3.0
Poison Magic   | 1 |  1.0
Air Magic      | 1 |  1.0
Evocations     | 1 |  1.0
Summonings     | 2 |  2.7
Translocations | |  1.1

Action                     |  1- 3 |  4- 6 |  7- 9 || total
---------------------------+-------+-------+-------++-------
  Melee: Dagger            |     3 |    84 |     5 ||    92
         Punch             |       |     1 |       ||     1
   Cast: Magic Dart        |    81 |    97 |    32 ||   210
         Mephitic Cloud    |     1 |    15 |     4 ||    20
         Call Imp          |     1 |     1 |     2 ||     4
         Blink             |       |       |     1 ||     1
   Stab: Distracted        |     1 |     1 |       ||     2
         Confused          |       |     7 |     1 ||     8
         Sleeping          |       |     1 |       ||     1
 Armour: Robe              |       |     8 |       ||     8
         Leather armour    |       |     5 |     2 ||     7
  Dodge: Dodged            |     7 |    50 |     5 ||    62

Table legend: (Time is in decaauts)
 A = Elapsed time spent in this place.
 B = Non-inter-level travel time spent in this place.
 C = Inter-level travel time spent in this place.
 D = Time resting spent in this place.
 E = Time spent auto-exploring this place.
 F = Levels seen in this place.
 G = Mean time per level.
                   A        B        C        D        E       F      G
               +--------+--------+--------+--------+--------+-----+--------+
         Total |   5994 |   5857 |    137 |    147 |   4998 |   6 |  999.0 |
       Dungeon |   5994 |   5857 |    137 |    147 |   4998 |   6 |  999.0 |
               +--------+--------+--------+--------+--------+-----+--------+

Top non-repeatable levels by time:
     D:2: 1519 daAuts
     D:1: 1453 daAuts
     D:4: 1058 daAuts
     D:3: 1013 daAuts
     D:5: 945 daAuts
     D:6: 3 daAuts
